Map: Nightscape LE

Players

qqq

  • Race: Zerg Zerg
  • Spawn Location: 7:00

Massa

  • Race: Terran Terran
  • League: Platinum
  • Spawn Location: 7:00

Domain - Winner!

  • Race: Protoss Protoss
  • League: Diamond
  • Spawn Location: 1:00

DomainFlag - Winner!

  • Race: Protoss Protoss
  • League: Master
  • Spawn Location: 1:00

VOD

Have the link to the VOD?

Description

Time

  • Played on: March 5, 2021, 4:35 p.m.
  • Length: 21:12
Show
View Real Time Build Order
Export as new Build Order

qqq Zerg 

Build Orders: Hatch First 

Get SALT Encoding   

  12  0:16  Drone x2  
  12  0:18  Overlord  
  14  0:50  Hatchery  
  14  0:54  Drone x2  
  15  1:07  Drone  
  16  1:12  Drone  
  17  1:22  Spawning Pool  
  17  1:23  Extractor  
  17  1:24  Drone  
  16  1:28  Drone  
  17  1:42  Drone  
  18  1:52  Drone  
  19  1:59  Drone  
  20  2:02  Drone  
  21  2:12  Queen  
  23  2:29  Drone x2  
  25  2:30  Drone x2  
  27  2:39  Lair  
  27  2:40  Hatchery  
  26  2:47  Overlord  
  27  2:51  Drone  
  27  2:55  Drone, Extractor  
  27  2:56  Drone  
  28  3:00  Overlord  
  28  3:09  Queen  
  30  3:13  Zergling x2  
  30  3:14  Zergling x2  
  32  3:20  Drone x2  
  34  3:27  Drone  
  34  3:28  Drone  
  35  3:37  Drone x2  
  35  3:38  Drone  
  35  3:39  Drone  
  39  3:47  Spire  
  39  3:48  Drone  
  39  3:52  Drone  
  39  3:53  Drone  
  41  3:58  Spore Crawler  
  41  4:00  Drone  
  41  4:02  Drone  
  42  4:10  Spore Crawler  
  38  4:22  Drone x5  
  38  4:23  Drone  
  44  4:24  Drone  
  44  4:28  Spine Crawler  
  44  4:29  Drone  
  44  4:30  Drone x2  
  47  4:32  Drone  
  48  4:39  Drone x2, Extractor  
  48  4:40  Extractor  
  48  4:43  Overlord  
  48  4:50  Drone  
  48  4:52  Drone  
  48  5:02  Mutalisk x3  
  48  5:03  Mutalisk  
  55  5:10  Spine Crawler, Mutalisk  
  55  5:12  Drone  
  58  5:14  Drone  
  58  5:19  Overlord  
  58  5:20  Overlord  
  58  5:38  Mutalisk x2  
  58  5:40  Drone x2  
  58  5:41  Drone x4  
  64  6:00  Mutalisk x3  
  60  6:29  Drone  
  60  6:30  Drone  
  60  6:31  Hatchery, Drone  
  62  6:34  Hatchery  
  62  6:35  Drone  
  62  6:36  Drone  
  62  6:38  Drone  
  64  6:41  Drone x2  
  66  6:47  Zerg Flyer Weapons Level 1  
  66  7:02  Corruptor  
  62  7:12  Corruptor x3  
  54  7:21  Drone x2  
  56  7:24  Drone  
  56  7:29  Mutalisk  
  59  7:39  Corruptor  
  61  7:46  Zergling x6  
  61  7:47  Zergling x2  
  62  8:10  Drone x7  
  62  8:11  Drone  
  69  8:16  Spore Crawler  
  69  8:17  Corruptor  
  69  8:18  Corruptor  
  59  8:28  Drone x4  
  63  8:37  Overlord x4  
  63  8:52  Spine Crawler, Spore Crawler  
  61  8:56  Drone, Spine Crawler  
  61  8:57  Drone x2, Corruptor x3  
  61  8:58  Overlord  
  69  9:10  Corruptor x2  
  69  9:11  Overlord  
  69  9:12  Drone  
  74  9:32  Drone x4  
  74  9:33  Drone x3  
  74  9:37  Zerg Flyer Armor Level 1  
  81  9:41  Infestation Pit  
  81  9:42  Queen  
  82  9:51  Corruptor  
  84  10:13  Corruptor  
  84  10:14  Corruptor x2  
  84  10:15  Overlord x4  
  90  10:39  Hive  
  90  10:52  Zergling x8  
  90  10:53  Zergling x4  
  90  10:54  Metabolic Boost  
  96  11:01  Hatchery  
  95  11:07  Overlord x2  
  95  11:16  Drone x3, Mutalisk x3  
  95  11:17  Mutalisk  
  100  11:31  Zergling x4  
  100  11:32  Zergling x2  
  96  11:54  Mutalisk x3  
  96  11:55  Zergling x4  
  96  11:56  Zergling x2  
  96  12:00  Drone  
  96  12:01  Drone x2  
  108  12:04  Greater Spire  
  108  12:14  Spine Crawler  
  108  12:15  Spine Crawler  
  106  12:16  Drone x3  
  106  12:21  Spine Crawler  
  108  12:25  Drone x2  
  108  12:26  Drone x3  
  108  12:28  Spore Crawler  
  111  12:43  Zergling x2  
  111  12:44  Zergling x2  
  113  12:45  Mutalisk  
  113  12:46  Mutalisk, Corruptor x3  
  109  13:14  Corruptor x4  
  117  13:30  Overseer x2  
  117  13:33  Pneumatized Carapace  
  117  13:37  Drone x2  
  117  13:38  Drone x7  
  117  13:39  Drone x2, Overlord x2  
  117  13:40  Drone x3  
  131  13:46  Extractor  
  131  13:47  Extractor  
  129  13:52  Viper  
  132  13:56  Zergling x6  
  132  13:57  Zergling x2  
  132  14:01  Extractor  
  132  14:02  Extractor  
  134  14:21  Hatchery  
  127  14:46  Mutalisk x3  
  127  14:48  Zergling x10  
  127  14:51  Zergling x12  
  144  15:17  Brood Lord x3  
  144  15:19  Overlord x4  
  144  15:20  Overlord x3  
  150  15:21  Zerg Flyer Weapons Level 2  
  150  15:28  Spire  
  80  16:04  Overlord, Corruptor x5  
  59  16:06  Zergling x8  
  59  16:07  Zergling x6  
  71  16:20  Drone x4  
  74  16:33  Drone x4  
  76  16:42  Hatchery  
  75  16:49  Overseer x2  
  75  16:54  Hatchery  
  75  16:55  Hatchery  
  75  16:59  Zerg Flyer Armor Level 2  
  75  17:00  Corruptor x2  
  75  17:01  Corruptor  
  77  17:02  Corruptor  
  81  17:13  Drone x3  
  81  17:14  Drone x3  
  87  17:19  Spine Crawler  
  86  17:23  Drone x2  
  86  17:24  Drone  
  86  17:26  Viper  
  86  17:29  Corruptor  
  92  17:35  Drone  
  95  17:39  Corruptor  
  95  17:41  Drone  
  98  18:00  Corruptor x2  
  98  18:01  Extractor, Drone x2  
  98  18:02  Drone x3  
  106  18:09  Mutalisk x2  
  106  18:20  Mutalisk  
  106  18:21  Drone  
  106  18:22  Drone x4  
  106  18:23  Zergling x6  
  116  18:35  Drone x4  
  120  18:42  Spine Crawler  
  120  18:46  Spine Crawler  
  118  18:48  Spine Crawler  
  117  18:58  Hatchery  
  116  19:10  Corruptor  
  116  19:11  Corruptor x4  
  116  19:12  Corruptor  
  128  19:19  Drone  
  128  19:20  Drone x4  
  128  19:21  Drone  
  134  19:28  Corruptor x2  
  137  19:31  Corruptor  
  111  19:47  Corruptor  
  111  19:48  Corruptor  
  111  19:50  Corruptor  
  98  20:02  Corruptor  
  98  20:11  Corruptor x2  
  102  20:21  Corruptor  
  102  20:23  Zergling x6  
  102  20:24  Zergling x8  
  111  20:30  Spore Crawler  
  111  20:31  Spore Crawler  
  111  20:32  Spore Crawler  
Show
View Real Time Build Order
Export as new Build Order

Massa Terran 

Build Orders: Reaper Expand 

Get SALT Encoding   

  12  0:00  SCV  
  13  0:12  SCV  
  14  0:22  Supply Depot  
  14  0:24  SCV  
  15  0:44  SCV  
  15  0:46  Barracks  
  15  0:49  Refinery  
  16  0:56  SCV  
  17  1:08  SCV  
  18  1:20  SCV  
  19  1:35  Orbital Command  
  19  1:39  Reaper  
  20  1:42  Command Center  
  20  2:00  Refinery  
  20  2:01  SCV  
  21  2:18  Supply Depot  
  21  2:21  SCV  
  22  2:24  Barracks Reactor  
  22  2:28  Factory  
  22  2:33  SCV  
  23  2:45  SCV  
  24  3:00  Orbital Command  
  24  3:01  Marine x2  
  26  3:07  SCV  
  27  3:14  Engineering Bay  
  27  3:16  Hellion  
  27  3:19  SCV, Marine x2  
  32  3:20  Starport  
  32  3:29  Supply Depot  
  32  3:31  SCV  
  33  3:35  SCV  
  33  3:36  Marine x2  
  36  3:43  SCV  
  36  3:45  Factory Reactor  
  36  3:47  SCV  
  38  3:54  Marine x2, Missile Turret  
  41  3:55  SCV  
  41  3:57  Missile Turret  
  41  4:02  Starport Tech Lab  
  41  4:07  SCV x2, Missile Turret  
  43  4:12  Marine x2  
  45  4:26  SCV x2  
  45  4:30  Marine x2, Medivac x2  
  53  4:36  Supply Depot  
  53  4:38  SCV  
  53  4:44  Supply Depot  
  53  4:45  Refinery  
  54  4:58  SCV x2, Marine x2, Siege Tank  
  61  5:10  SCV x2  
  61  5:27  Missile Turret  
  59  5:32  Missile Turret  
  59  5:57  Medivac x2, Siege Tank  
  59  5:58  Marine x2  
  65  6:09  Barracks  
  65  6:11  Barracks, Command Center  
  65  6:16  Marine x2  
  67  6:34  Marine x2  
  67  6:36  SCV  
  70  6:42  Terran Infantry Weapons Level 1  
  70  6:44  Supply Depot x2  
  70  6:46  Armory, Supply Depot  
  70  7:03  SCV  
  70  7:04  SCV  
  70  7:05  Medivac x2  
  70  7:06  Siege Tank  
  70  7:08  Marine x4  
  77  7:10  Supply Depot  
  76  7:15  SCV  
  72  7:25  Marine  
  72  7:26  Marine x2  
  75  7:30  Barracks Tech Lab  
  75  7:35  Viking x2  
  51  7:52  Refinery  
  51  8:14  Command Center  
  51  8:16  Stimpack  
  51  8:20  Barracks Tech Lab  
  51  8:22  SCV x2  
  51  8:24  Orbital Command  
  53  8:28  Marine x3  
  53  8:34  SCV x2  
  60  8:41  Widow Mine  
  60  8:46  Marine x2  
  62  8:51  SCV x3  
  65  9:01  Terran Vehicle Weapons Level 1  
  65  9:02  Widow Mine  
  67  9:03  SCV x3  
  70  9:15  SCV x3  
  69  9:30  Marauder x2, Marine x2  
  66  9:48  Marine x2  
  66  9:51  SCV x3, Marauder, Marine  
  68  10:03  SCV x3  
  68  10:05  Marine  
  68  10:06  Marine  
  73  10:09  Marauder  
  73  10:13  Marauder  
  75  10:15  SCV x3  
  78  10:23  Marine  
  78  10:27  SCV x3  
  82  10:28  Missile Turret  
  82  10:31  Missile Turret  
  82  10:33  Marauder, Marine  
  82  10:34  Marauder, Combat Shield  
  87  10:35  Concussive Shells  
  87  10:39  SCV x2  
  87  10:41  Marine, Siege Tank  
  87  10:42  Missile Turret  
  93  10:43  Missile Turret x2  
  91  10:50  Marine  
  91  10:53  Marine  
  93  11:00  Command Center  
  93  11:07  Marine  
  93  11:08  Marauder, Marine  
  97  11:11  SCV x3, Marine  
  97  11:17  Refinery x2  
  100  11:23  SCV x2  
  100  11:24  SCV  
  100  11:25  Marine  
  97  11:34  Medivac x2  
  97  11:35  SCV, Siege Tank  
  97  11:36  SCV x2  
  101  12:16  Marauder x2, Marine x2  
  107  12:34  Marine x2  
  109  12:37  Marine  
  110  12:46  Missile Turret  
  110  12:50  Marauder  
  83  12:52  Marine x2  
  83  12:55  Marauder  
  82  13:12  Marauder  
  84  13:14  Marine x2  
  84  13:17  Marauder  
  88  13:20  Terran Vehicle Weapons Level 2  
  88  13:21  Terran Infantry Weapons Level 2  
  88  13:22  Barracks  
  88  13:23  Barracks  
  80  13:31  SCV x3  
  80  13:32  Marine x2  
  80  13:33  Marine  
  86  13:40  Barracks  
  86  13:43  SCV x3, Barracks  
  89  13:48  Marauder  
  89  13:49  Marine  
  89  13:50  Marine x2, Medivac  
  89  13:51  Medivac  
  89  13:55  SCV  
  95  13:57  Barracks  
  95  13:58  SCV x2, Barracks  
  95  14:02  Planetary Fortress  
  97  14:06  Missile Turret  
  97  14:07  SCV, Marine x2  
  97  14:08  Marine  
  97  14:09  Marine  
  102  14:10  Barracks Reactor x2, SCV x2  
  104  14:18  Thor  
  104  14:19  SCV  
  104  14:20  Smart Servos, Medivac  
  104  14:21  Medivac  
  104  14:22  SCV  
  116  14:25  Marine x2  
  116  14:26  Marine  
  116  14:27  Marine  
  120  14:37  Marine  
  121  14:40  Marine  
  121  14:41  Command Center  
  121  14:43  Marine x2  
  121  14:44  Marine  
  127  14:45  Marauder  
  127  14:47  SCV  
  127  14:48  Refinery, SCV x3  
  127  14:51  Refinery  
  130  14:55  Marine  
  132  15:00  SCV  
  132  15:09  SCV  
  132  15:19  Barracks Tech Lab  
  132  15:20  Barracks Reactor  
  132  15:34  Marine  
  132  15:39  Drilling Claws  
  132  15:54  Marine x2  
  132  15:56  Marine  
  132  15:57  Marine  
  132  15:58  Marauder, Marine x3  
  132  15:59  Marauder, Marine  
  132  16:07  Supply Depot  
  132  16:08  Supply Depot  
  132  16:09  Terran Infantry Armor Level 1, Supply Depot x2  
  132  16:10  Marine x3, Thor, Supply Depot  
  141  16:11  Supply Depot  
  141  16:12  Marine x2  
  141  16:13  Marine  
  141  16:15  Marine  
  141  16:16  Marine x3  
  141  16:17  Marine  
  130  16:19  Marine  
  130  16:20  Marine  
  130  16:24  Medivac x2  
  134  16:28  Marine x3  
  134  16:30  Marine x2  
  134  16:31  Marine  
  140  16:33  Marine  
  140  16:34  Marine x4  
  140  16:35  Supply Depot  
  140  16:37  Marine, Supply Depot  
  140  16:38  Marine  
  147  16:45  Marine x2  
  147  16:46  Marine  
  150  16:48  Marine x2  
  150  16:49  Marine  
  150  16:51  Marine x3  
  150  16:52  Marine x2  
  150  16:53  Missile Turret  
  158  16:54  Medivac x2  
  158  16:55  Marine  
  158  16:56  Missile Turret  
  158  16:58  Thor  
  158  16:59  Command Center  
  169  17:05  Engineering Bay, Terran Vehicle And Ship Armor Level 1  
  169  17:24  Medivac  
  171  17:30  Ghost Academy  
  171  17:41  Barracks Reactor, Barracks Tech Lab, Thor  
  171  17:43  Missile Turret  
  177  17:44  Terran Infantry Weapons Level 3  
  177  17:45  Missile Turret  
  177  18:04  Missile Turret  
  177  18:06  Missile Turret  
  177  18:16  Planetary Fortress  
  177  18:22  Refinery  
  177  18:23  Refinery  
  170  18:55  SCV x4  
  174  18:56  SCV  
  174  19:02  Missile Turret  
  175  19:07  SCV  
  176  19:20  Thor  
  176  19:22  Missile Turret  
  182  19:29  Factory x2  
  182  19:36  Factory  
  162  19:51  Marine x2  
  162  19:52  Marine x6  
  162  19:53  Marauder x2, Marine  
  162  19:54  Marauder x2  
  162  19:56  Marine  
  174  20:03  Thor  
  179  20:09  Marine x3  
  179  20:10  Marine x2  
  175  20:14  Ghost x3  
  175  20:15  Marauder  
  183  20:26  Factory Tech Lab x2  
  183  20:27  Factory Tech Lab  
  180  20:35  Ghost  
  156  20:43  Ghost  
Show
View Real Time Build Order
Export as new Build Order

Domain Protoss - Winner!

Build Orders:  

Get SALT Encoding   

  12  0:03  Probe  
  13  0:15  Probe  
  14  0:21  Pylon  
  14  0:28  Probe  
  15  0:39  Gateway  
  15  0:42  Probe  
  16  0:58  Probe  
  16  1:02  Assimilator  
  17  1:10  Probe  
  18  1:15  Gateway  
  18  1:21  Assimilator  
  18  1:24  Probe  
  19  1:32  Cybernetics Core  
  19  1:35  Pylon  
  19  1:42  Probe  
  21  1:54  Probe  
  21  2:06  Probe  
  22  2:08  Warp Gate (Chrono Boost)  
  22  2:10  Pylon  
  22  2:13  Adept x2 (Chrono Boost)  
  26  2:18  Probe  
  27  2:32  Twilight Council  
  27  2:58  Adept x2  
  27  3:05  Robotics Facility  
  31  3:10  Resonating Glaives (Chrono Boost)  
  31  3:27  Gateway  
  31  3:43  Nexus  
  31  3:46  Pylon  
  31  3:49  Pylon  
  31  3:51  Adept  
  31  3:52  Adept  
  35  3:59  Warp Prism  
  37  4:10  Gateway  
  37  4:21  Adept  
  37  4:22  Adept  
  41  4:30  Adept  
  43  4:42  Probe  
  44  4:54  Probe  
  44  4:56  Probe  
  46  5:01  Pylon  
  46  5:06  Probe, Adept  
  49  5:07  Adept  
  49  5:08  Probe  
  52  5:16  Adept x2  
  56  5:33  Adept x2  
  40  6:07  Stalker x2  
  40  6:08  Stalker x2  
  40  6:09  Probe x2 (Chrono Boost)  
  40  6:18  Blink  
  40  6:21  Probe x2 (Chrono Boost)  
  42  6:26  Probe (Chrono Boost)  
  42  6:29  Forge  
  43  6:33  Probe  
  43  6:35  Probe  
  43  6:38  Assimilator  
  45  6:42  Adept  
  45  6:43  Adept x2  
  45  6:44  Adept  
  45  6:45  Probe  
  54  7:18  Stalker  
  54  7:19  Stalker x3  
  58  7:46  Probe x2  
  57  7:58  Probe x2  
  54  8:09  Photon Cannon  
  54  8:10  Probe x2  
  54  8:12  Stalker x2  
  58  8:13  Assimilator, Stalker x2  
  62  8:20  Protoss Ground Weapons Level 1 (Chrono Boost)  
  62  8:22  Probe x2  
  64  8:36  Stalker x2  
  64  8:37  Stalker  
  64  8:39  Stalker  
  72  8:44  Probe x2, Nexus  
  72  8:48  Pylon  
  74  8:49  Pylon  
  74  8:52  Charge (Chrono Boost), Pylon  
  74  8:59  Templar Archives  
  74  9:02  Probe x2  
  76  9:14  Probe  
  69  9:45  Probe x2  
  71  9:53  Photon Cannon  
  71  9:55  Photon Cannon  
  71  9:57  Probe x2  
  69  10:09  Probe  
  69  10:10  Probe  
  71  10:17  Probe  
  71  10:20  Psionic Storm  
  72  10:21  Probe  
  72  10:22  Probe  
  72  10:25  Assimilator  
  74  10:29  Probe, Assimilator  
  74  10:33  Immortal  
  74  10:34  Probe x2  
  81  10:36  Dark Shrine  
  81  10:42  Gateway  
  81  10:43  Probe, Gateway  
  81  10:45  Gateway  
  81  10:46  Probe, Stalker x2  
  81  10:47  Gateway, Stalker  
  89  10:51  Stalker  
  89  10:52  Pylon  
  89  10:54  Pylon  
  89  10:55  Pylon  
  89  10:56  Probe  
  89  10:57  Pylon  
  92  11:18  High Templar  
  92  11:19  High Templar x3  
  100  11:26  Nexus  
  100  11:29  Pylon  
  100  11:31  Pylon  
  86  11:58  Probe x2  
  86  11:59  Probe  
  86  12:00  High Templar x2  
  86  12:01  High Templar x6  
  89  12:08  Photon Cannon  
  95  12:10  Probe x2  
  95  12:11  Probe  
  95  12:12  Photon Cannon  
  98  12:22  Probe, Gateway  
  99  12:23  Probe, Gateway  
  99  12:25  Gateway  
  99  12:27  Gateway  
  100  12:33  Gateway  
  98  12:48  Zealot x2  
  98  12:49  Zealot x5  
  107  12:58  Stalker  
  109  13:09  Dark Templar x2  
  109  13:10  Dark Templar x4  
  119  13:16  Stalker  
  121  13:25  Pylon  
  121  13:30  Pylon  
  121  13:34  Photon Cannon  
  121  13:36  Photon Cannon  
  121  13:38  Probe x4  
  121  13:40  Photon Cannon  
  125  13:42  Stalker x4  
  125  13:43  Assimilator, Stalker x3  
  125  13:44  Stalker x3  
  125  13:47  Assimilator  
  145  13:50  Probe  
  145  13:54  Protoss Ground Weapons Level 2 (Chrono Boost)  
  145  13:55  Probe x3  
  149  14:00  Forge  
  149  14:02  Probe  
  150  14:07  Dark Templar x3  
  156  14:15  Zealot x2  
  156  14:16  Zealot x5  
  170  14:17  Zealot  
  164  15:00  Shield Battery  
  164  15:03  Shield Battery  
  124  15:15  Stalker x4  
  124  15:16  Stalker x6  
  124  15:17  Stalker x2  
  98  16:29  Probe x3  
  101  16:38  Protoss Ground Armor Level 1 (Chrono Boost), Protoss Ground Weapons Level 3 (Chrono Boost)  
  95  16:41  High Templar x5  
  95  16:42  High Templar x6  
  95  16:43  High Templar  
  117  17:05  Archon x3  
  117  17:07  Nexus  
  117  17:09  Pylon  
  117  17:11  Pylon  
  117  17:13  Pylon  
  117  17:15  Gateway  
  117  17:18  Gateway x2  
  117  17:19  Pylon  
  117  17:20  Gateway, Pylon x2  
  117  17:30  Gateway  
  117  17:33  Gateway  
  117  17:35  Gateway  
  117  17:38  Gateway  
  117  17:42  Photon Cannon  
  117  17:44  Zealot x4  
  117  17:45  Photon Cannon, Zealot x6  
  117  17:46  Zealot x2  
  117  17:48  Photon Cannon  
  117  17:50  Photon Cannon  
  141  17:52  Photon Cannon  
  141  17:55  Photon Cannon  
  141  17:57  Assimilator  
  141  18:03  Assimilator  
  141  18:04  Pylon  
  141  18:25  Dark Templar x3  
  141  18:26  Dark Templar x2  
  151  18:27  Zealot x4  
  151  18:28  Zealot x5  
  151  18:29  Zealot x3  
  165  18:55  Stalker x6  
  159  18:56  Stalker x4  
  159  18:57  Stalker x4  
  159  18:58  Stalker x5  
  159  18:59  Stalker  
  191  19:21  Zealot x4  
  159  20:16  Stalker x3  
  159  20:17  Stalker x3  
  159  20:18  Stalker x5  
  159  20:19  Stalker x4  
  159  20:20  Stalker x5  
  189  20:42  Dark Templar x5  
  181  20:43  Dark Templar x5  
Show
View Real Time Build Order
Export as new Build Order

DomainFlag Protoss - Winner!

Build Orders: Oracle Opening, Phoenix Opening, Carriers, Mass Phoenix 

Get SALT Encoding   

  12  0:00  Probe  
  13  0:12  Probe  
  14  0:18  Pylon  
  14  0:24  Probe  
  15  0:37  Probe  
  15  0:41  Gateway  
  16  0:48  Assimilator  
  17  0:50  Probe  
  17  1:01  Assimilator  
  17  1:02  Probe  
  18  1:14  Probe  
  19  1:19  Pylon  
  19  1:26  Probe  
  19  1:29  Cybernetics Core  
  20  1:38  Probe  
  21  1:50  Probe  
  22  2:06  Stargate  
  22  2:16  Stargate  
  22  2:19  Probe  
  23  2:23  Zealot  
  25  2:44  Probe  
  26  2:57  Probe  
  29  2:58  Oracle  
  30  3:07  Pylon  
  30  3:15  Pylon  
  30  3:18  Probe  
  31  3:25  Oracle  
  38  3:41  Probe  
  38  3:44  Phoenix  
  38  3:45  Nexus  
  37  3:52  Pylon  
  37  3:53  Probe  
  38  4:02  Assimilator  
  38  4:05  Probe  
  38  4:06  Assimilator  
  39  4:17  Probe  
  39  4:23  Phoenix  
  39  4:24  Phoenix  
  44  4:30  Probe  
  45  4:33  Gateway  
  45  4:35  Pylon  
  45  4:42  Probe  
  46  4:48  Pylon  
  46  4:54  Probe  
  47  5:03  Phoenix x2  
  47  5:04  Probe  
  47  5:06  Probe  
  53  5:16  Probe  
  53  5:18  Probe  
  55  5:28  Probe  
  56  5:30  Probe  
  56  5:31  Phoenix x2  
  61  5:45  Probe  
  62  5:53  Probe  
  62  5:56  Phoenix x2  
  67  5:57  Probe  
  68  6:05  Probe  
  66  6:14  Probe, Fleet Beacon  
  66  6:18  Probe  
  68  6:20  Phoenix, Pylon  
  68  6:21  Phoenix  
  72  6:27  Probe  
  72  6:30  Pylon  
  73  6:47  Phoenix  
  73  6:48  Phoenix  
  73  6:49  Nexus  
  53  7:25  Zealot  
  55  7:38  Probe (Chrono Boost)  
  55  7:39  Probe (Chrono Boost)  
  57  7:50  Probe (Chrono Boost)  
  59  7:57  Probe (Chrono Boost)  
  60  7:59  Probe (Chrono Boost)  
  60  8:00  Pylon  
  60  8:02  Pylon  
  60  8:03  Probe (Chrono Boost)  
  60  8:05  Probe  
  61  8:06  Anion Pulse-Crystals, Pylon  
  60  8:36  Probe x2  
  60  8:37  Probe  
  63  8:45  Stargate  
  63  8:47  Stargate  
  63  8:48  Probe (Chrono Boost)  
  63  8:49  Probe (Chrono Boost)  
  63  8:50  Probe (Chrono Boost)  
  66  8:59  Protoss Air Weapons Level 1 (Chrono Boost)  
  66  9:00  Probe (Chrono Boost)  
  66  9:01  Probe (Chrono Boost)  
  66  9:02  Probe (Chrono Boost)  
  69  9:07  Carrier x2 (Chrono Boost)  
  69  9:09  Probe x3 (Chrono Boost)  
  84  9:15  Probe x2  
  86  9:29  Probe x2  
  86  9:30  Probe  
  89  9:41  Probe x2  
  89  9:42  Probe  
  92  9:52  Assimilator  
  92  9:53  Probe  
  92  9:54  Probe x2  
  93  10:06  Probe x3, Pylon  
  96  10:08  Pylon x3  
  96  10:09  Phoenix, Forge  
  96  10:10  Forge  
  98  10:18  Probe x2, Assimilator  
  100  10:24  Probe  
  101  10:30  Probe x2  
  103  10:36  Probe  
  103  10:42  Probe  
  105  10:48  Carrier x2 (Chrono Boost)  
  99  10:53  Probe x2  
  99  10:55  Cybernetics Core  
  113  10:58  Probe  
  113  10:59  Carrier (Chrono Boost)  
  120  11:07  Probe  
  121  11:13  Protoss Air Weapons Level 2  
  121  11:25  Carrier (Chrono Boost)  
  125  11:30  Probe x3  
  126  11:35  Nexus  
  126  11:38  Assimilator  
  126  11:42  Assimilator  
  126  11:49  Carrier x2 (Chrono Boost)  
  126  11:58  Probe x2  
  126  11:59  Probe  
  129  12:01  Warp Gate  
  129  12:04  Carrier (Chrono Boost)  
  135  12:16  Protoss Shields Level 1 (Chrono Boost)  
  135  12:23  Carrier (Chrono Boost)  
  138  12:36  Probe x2  
  138  12:50  Carrier  
  144  12:53  Carrier  
  150  13:07  Carrier  
  150  13:10  Pylon  
  156  13:14  Pylon  
  156  13:18  Probe x3  
  159  13:21  Probe  
  160  13:30  Probe  
  161  13:35  Protoss Air Armor Level 1 (Chrono Boost)  
  161  13:36  Photon Cannon  
  161  13:40  Shield Battery  
  161  13:41  Photon Cannon, Shield Battery  
  161  13:43  Photon Cannon x2  
  161  13:46  Probe x2, Photon Cannon  
  161  13:48  Photon Cannon  
  163  13:49  Probe, Pylon  
  164  14:01  Probe  
  164  14:02  Probe  
  166  14:06  Protoss Air Weapons Level 3 (Chrono Boost)  
  166  14:13  Photon Cannon  
  166  14:14  Photon Cannon  
  166  14:15  Photon Cannon  
  166  14:16  Photon Cannon  
  166  14:18  Photon Cannon  
  166  14:19  Photon Cannon  
  166  14:20  Shield Battery  
  166  14:23  Carrier  
  172  14:40  Twilight Council  
  172  14:43  Pylon  
  172  14:47  Pylon  
  172  15:01  Mothership (Chrono Boost)  
  180  15:23  Nexus  
  180  15:24  Pylon, Assimilator  
  180  15:26  Assimilator  
  180  15:27  Pylon x2  
  176  15:46  Carrier x4  
  164  16:01  Probe  
  159  16:06  Protoss Shields Level 2 (Chrono Boost)  
  159  16:12  Templar Archives  
  159  16:17  Probe  
  159  16:18  Probe  
  161  16:23  Photon Cannon  
  161  16:24  Photon Cannon  
  161  16:28  Photon Cannon  
  161  16:29  Photon Cannon  
  161  16:31  Photon Cannon x2  
  161  16:34  Pylon  
  161  16:36  Shield Battery  
  161  16:38  Probe, Shield Battery  
  161  16:39  Probe  
  163  16:47  Carrier (Chrono Boost)  
  163  16:48  Gateway, Carrier x2 (Chrono Boost)  
  163  16:52  Gateway  
  181  16:55  Gateway  
  181  17:00  Protoss Air Armor Level 2 (Chrono Boost)  
  181  17:07  Carrier (Chrono Boost)  
  187  17:34  Gateway  
  187  17:35  Gateway  
  187  17:36  Gateway  
  187  17:38  Gateway  
  187  17:44  Carrier  
  187  17:45  Gateway, Carrier  
  199  17:58  Psionic Storm  
  191  18:28  High Templar x4  
  199  18:37  Pylon  
  199  18:38  Nexus  
  199  18:39  Assimilator  
  199  18:40  Pylon x2  
  199  18:43  Pylon, Assimilator  
  199  18:45  Protoss Ground Armor Level 1 (Chrono Boost)  
  184  19:49  Carrier x2  
  184  19:51  Archon x2  
  196  19:54  Probe  
  196  19:55  High Templar  
Tags
 
Add a new tag
Caveats
  • Supply blocks, unpowered buildings, or Contaminate may cause inaccurate times.
  • Supply counts are checked every 10 seconds.